 Dungeon Crawl Stone Soup version 0.31-a0-1072-g202bf7ea07 (webtiles) character file.

Game seed: 13356504220783782652

173 Gumption the Grave Robber (level 5, 0/25 HPs)
             Began as a Vine Stalker Necromancer on Nov 26, 2023.
             Slain by Blork the orc
             ... wielding a +2 mace of holy wrath
              (3 damage)
             ... on level 4 of the Dungeon.
             The game lasted 00:40:53 (3201 turns).

Gumption the Grave Robber (VSNe)                    Turns: 3201, Time: 00:40:53

Health: 0/25       AC:  4    Str: 10    XL:     5   Next: 53%
Magic:  0/10       EV: 12    Int: 17    God:
Gold:   190        SH:  0    Dex: 15    Spells: 2/10 levels left

rFire   . . .        i - staff of death
rCold   . . .        (no shield)
rNeg    + . .        d - +0 robe
rPois   .            (no helmet)
rElec   .            o - +0 cloak
rCorr   .            q - +0 pair of gloves
SInv    .            (no boots)
Will    .....        m - amulet of the acrobat
Stlth   ++           n - ring of wizardry
HPRegen 1.04/turn    (no ring)
MPRegen 0.12/turn

%: acrobat, guardian spirit, wizardry (x1)
@: invisible
A: fangs 2, regeneration 1, magic shield, antimagic bite, no potion heal 2
a: no special abilities


You were on level 4 of the Dungeon.
You visited 1 branch of the dungeon, and saw 4 of its levels.

You collected 190 gold pieces.

Inventory:

Hand Weapons
 a - a +0 dagger
 c - a +0 short sword
 t - a +1 hand axe of freezing
Armour
 d - a +0 robe (worn)
 o - a +0 cloak (worn)
 q - a +0 pair of gloves (worn)
 A - a +0 ring mail
Magical Staves
 i - a staff of death (weapon)
Jewellery
 m - an amulet of the acrobat (around neck)
 n - a ring of wizardry (left hand)
Talismans
 j - a granite talisman
 w - a flux talisman
Scrolls
 e - a scroll of noise {unknown}
 u - a scroll of enchant armour {unknown}
 x - a scroll of teleportation {unknown}
 y - a scroll of blinking {unknown}
Potions
 b - a potion of magic
 f - a potion of haste {unknown}
 g - 2 potions of curing {unknown}
 h - a potion of heal wounds {unknown}
 k - a potion of mutation {unknown}
 l - a potion of attraction {unknown}
 s - 2 potions of might
 v - a potion of cancellation {unknown}
 z - a potion of brilliance {unknown}


   Skills:
 - Level 1.2 Fighting
 - Level 2.3 Dodging
 + Level 3.1 Stealth
 + Level 3.2 Spellcasting
 * Level 5.2 Necromancy


You had 2 spell levels left.
You knew the following spells:

 Your Spells              Type           Power      Damage    Failure   Level
a - Necrotise             Necr           100%       1d9       1%          1
b - Vampiric Draining     Necr           30%        2d8       2%          3
c - Dispel Undead         Necr           30%        3d14      9%          4

Your spell library contained the following spells:

 Spells                   Type           Power      Damage    Failure   Level
 Kiss of Death            Conj/Necr      68%        2d10      2%          1
 Animate Dead             Necr           30%        N/A       9%          4
 Confusing Touch          Hex            2%         N/A       21%         3
 Agony                    Necr           30%        N/A       22%         5


Dungeon Overview and Level Annotations

Branches:
Dungeon (4/15)
 Temple: D:4-7

Altars:

Annotations:
D:4 exclusion: ogre, Blork the orc


Innate Abilities, Weirdness & Mutations

You have extremely sharp teeth.
Your natural rate of healing is unusually fast.
When hurt, damage is shared between your health and your magic reserves.
Your bite disrupts and absorbs the magic of your enemies.
Potions cannot restore your health.


Message History

Your hobgoblin skeleton hits the jackal.
You hit the jackal but do no damage.
The jackal writhes in agony.
You kill the jackal!
The jackal bites your hobgoblin skeleton.
Your hobgoblin skeleton is destroyed!
Blork the orc casts a spell.
Blork the orc seems to speed up.
Casting: Necrotise (safe; 1% risk of failure)
Confirm with . or Enter, or press ? or * to list all spells.
Aiming: Necrotise (safe; 1% risk of failure)
Press: ? - help, Shift-Dir - straight line, f - Blork the orc
Aim: Blork the orc, wielding a +2 mace of holy wrath and wearing a +2 robe of willpower (fast, chance to affect: 52%)
You feel a surge of power!
Blork the orc resists with significant effort.
Your goblin skeleton crumbles into dust!
The jackal bites your hobgoblin skeleton.
Blork the orc gestures at you while chanting.
The magic dart hits you!
The jackal bites your hobgoblin skeleton.
Your hobgoblin skeleton barely misses the jackal.
The jackal bites your hobgoblin skeleton.
Your hobgoblin skeleton is destroyed!
Casting: Necrotise (safe; 1% risk of failure)
Confirm with . or Enter, or press ? or * to list all spells.
Aiming: Vampiric Draining (dangerous; 2% risk of failure)
Press: ? - help, Shift-Dir - straight line, f/p - Blork the orc
Aim: Blork the orc, wielding a +2 mace of holy wrath and wearing a +2 robe of willpower (fast)
You feel a surge of power!
You draw life force from Blork the orc!
You feel life coursing into your body.
Blork the orc hits you with a +2 mace of holy wrath!
* * * LOW HITPOINT WARNING * * *
Blork the orc hits you with a +2 mace of holy wrath!
* * * LOW HITPOINT WARNING * * *
The jackal bites you but does no damage.
Casting: Vampiric Draining (dangerous; 2% risk of failure)
Confirm with . or Enter, or press ? or * to list all spells.
You don't have enough magic to cast this spell.
You fade into invisibility!
Blork the orc hits you with a +2 mace of holy wrath.
You die...

#...>......>..#.......####
#.............##........#.
##...##.....#####..........
#..........######........##
#...............########..##
..........####..... #####
#...........#...#
##......#.o.h#..#
#.....(###@...# #...##.#
#.....# ##.# ..# ##.†### ..
.. .## .. ... #.# ## #


You could see Blork the orc (fast, unable to see you) and a jackal (unable to
see you).

Vanquished Creatures
  An iguana (D:4)
  3 gnolls (D:3)
  2 adders
  4 worms
  A dart slug (D:4)
  2 orcs (D:4)
  5 endoplasms
  9 giant cockroaches
  4 goblins
  7 hobgoblins
  4 jackals
  3 quokkas
  15 ball pythons
  4 bats
  3 frilled lizards
  6 kobolds
  6 rats
79 creatures vanquished.

Vanquished Creatures (collateral kills)
  A giant cockroach (D:3)
  A kobold (D:3)
  A ball python (D:1)
3 creatures vanquished.

Grand Total: 82 creatures vanquished

Notes
Turn   | Place    | Note
-------+----------+-------------------------------------------
     0 | D:1      | Gumption the Vine Stalker Necromancer began the quest for
                  | the Orb.
     0 | D:1      | Reached XP level 1. HP: 9/9 MP: 4/4
   198 | D:1      | Reached XP level 2. HP: 14/14 MP: 1/6
   415 | D:1      | Reached XP level 3. HP: 17/17 MP: 7/7
   443 | D:1      | Learned a level 3 spell: Vampiric Draining
   766 | D:2      | Reached skill level 1 in Fighting
  1273 | D:2      | Reached XP level 4. HP: 22/22 MP: 7/9
  1588 | D:2      | Found a faded altar of an unknown god.
  2273 | D:3      | Reached XP level 5. HP: 25/25 MP: 3/10
  2300 | D:3      | Reached skill level 5 in Necromancy
  2581 | D:3      | Learned a level 4 spell: Dispel Undead
  2798 | D:4      | Noticed an ogre
  2878 | D:4      | Noticed Blork the orc
  3201 | D:4      | Slain by Blork the orc

Illustrated notes

Levels and vault maps discovered:
D:1:      spicycebolla_arrival_transporter_tutorial, layout_rooms
D:2:      layout_loops_ring, dreamdust_ecumenical_altar_hidden_monk_grotto,
          grunt_decor_mini_mirrors, kennysheep_nub
D:3:      layout_loops_cross, guppyfry_early_lair_pool
D:4:      minmay_clustersquares, layout_cave_pools, uniq_blork_the_orc

Skill      XL: |  1  2  3  4  5 |
---------------+----------------+-----
Fighting       | 1 |  1.2
Dodging        | 2 |  2.3
Spellcasting   | 3 |  3.2
Necromancy     | 5 |  5.2
Stealth        | 3 |  3.1

Action                     |  1- 3 |  4- 6 || total
---------------------------+-------+-------++-------
  Melee: Short sword       |    15 |       ||    15
         Bite              |    14 |     8 ||    22
         Dagger            |     8 |       ||     8
         Staff             |    17 |    36 ||    53
  Throw: Dart              |     3 |     7 ||    10
   Cast: Necrotise         |    57 |    67 ||   124
         Vampiric Draining |       |     1 ||     1
    Use: Scroll            |       |     2 ||     2
         Potion            |       |     2 ||     2
   Stab: Sleeping          |       |     1 ||     1
 Armour: Robe              |    23 |    34 ||    57
  Dodge: Dodged            |    30 |    48 ||    78

Table legend: (Time is in decaauts)
 A = Elapsed time spent in this place.
 B = Non-inter-level travel time spent in this place.
 C = Inter-level travel time spent in this place.
 D = Time resting spent in this place.
 E = Time spent auto-exploring this place.
 F = Levels seen in this place.
 G = Mean time per level.
                   A        B        C        D        E       F      G
               +--------+--------+--------+--------+--------+-----+--------+
         Total |   3211 |   3046 |    165 |    378 |    626 |   4 |  802.8 |
       Dungeon |   3211 |   3046 |    165 |    378 |    626 |   4 |  802.8 |
               +--------+--------+--------+--------+--------+-----+--------+

Top non-repeatable levels by time:
     D:2: 1158 daAuts
     D:3: 1066 daAuts
     D:1: 683 daAuts
     D:4: 302 daAuts
